 Dungeon Crawl Stone Soup version 0.32-a0-290-g598725c5f2 (webtiles) character file.

Game seed: 16674882804008698794

148 retardedninja the Trooper (level 5, 0/47 HPs)
             Began as a Mountain Dwarf Fighter on Feb 13, 2024.
             Slain by a gnoll
             ... wielding a +0 club
              (7 damage)
             ... on level 3 of the Dungeon.
             The game lasted 00:02:37 (1842 turns).

retardedninja the Trooper (Mountain Dwarf Fighter)  Turns: 1842, Time: 00:02:38

Health: 0/47       AC:  8    Str: 21    XL:     5   Next: 8%
Magic:  5/5        EV:  9    Int:  8    God:
Gold:   138        SH:  4    Dex:  9    Spells: 4/4 levels left

rFire   . . .        a - +0 war axe
rCold   . . .        c - +0 buckler
rNeg    . . .        b - +1 scale mail
rPois   .            (no helmet)
rElec   .            (no cloak)
rCorr   .            (no gloves)
SInv    .            (no boots)
Will    .....        (no amulet) Stlth
                     (no ring)
HPRegen 0.27/turn    (no ring)
MPRegen 0.09/turn

%: no passive effects
@: brilliant
A: runic magic, artefact enchanting
a: no special abilities


You were on level 3 of the Dungeon.
You visited 1 branch of the dungeon, and saw 3 of its levels.

You collected 138 gold pieces.

Inventory:

Hand Weapons
 a - a +0 war axe (weapon)
Armour
 b - a +1 scale mail (worn)
 c - a +0 buckler (worn)
Jewellery
 f - a +5 ring of evasion
 l - a ring of wizardry
Scrolls
 g - a scroll of brand weapon
 h - a scroll of enchant weapon {unknown}
 i - a scroll of torment {unknown}
 k - 2 scrolls of teleportation {unknown}
 m - a scroll of silence {unknown}
 p - a scroll of noise {unknown}
Potions
 d - a potion of might
 e - a potion of brilliance
 n - a potion of attraction {unknown}


   Skills:
 * Level 4.5 Fighting
 + Level 3.6 Axes
 + Level 4.2 Armour
 + Level 4.1 Shields


You had 4 spell levels left.
You didn't know any spells.
Your spell library contained the following spells:

 Spells                   Type           Power      Damage    Failure   Level
 Summon Forest            Summ/Tloc      0%         N/A       100%        5
 Eringya's Noxious Bog    Alch           0%         4d6       100%        6
 Summon Hydra             Summ           0%         N/A       100%        7


Dungeon Overview and Level Annotations

Branches:
Dungeon (3/15)

Altars:

Shops:
D:3 *


Innate Abilities, Weirdness & Mutations

Your spellcasting is much less encumbered by armour.
You can use scrolls of enchantment on lesser artefacts.


Message History

Key pressed, stopping explore.
You open the door.
There is an open door here.
You now have 138 gold pieces (gained 11).
There is an open door here.
Key pressed, stopping explore.
Found a flux talisman.
Key pressed, stopping explore.
Key pressed, stopping explore.
A gnoll comes into view. It is wielding a +0 halberd.
A gnoll is nearby!
A gnoll comes into view. It is wielding a +0 halberd.
A gnoll comes into view. It is wielding a +0 club.
The gnoll shouts!
You hit the gnoll but do no damage. You hit the gnoll.
The gnoll barely misses you. The gnoll hits you with a +0 club!
The gnoll hits you from afar with a +0 halberd.
You hit the gnoll.
The gnoll is heavily wounded.
You hit the gnoll. You block the gnoll's attack. The gnoll closely misses you.
The gnoll hits you from afar with a +0 halberd!
The gnoll hits you but does no damage.
The gnoll hits you from afar with a +0 halberd!
The gnoll hits you with a +0 club.
It was a potion of brilliance.
You feel clever all of a sudden.
The gnoll hits you but does no damage. x2
The gnoll hits you from afar with a +0 halberd!
* * * LOW HITPOINT WARNING * * *
As you read the scroll labelled OHU MISUNICE, it crumbles to dust.
It is a scroll of enchant armour.
Your +0 scale mail glows green for a moment.
The gnoll hits you with a +0 halberd.
* * * LOW HITPOINT WARNING * * *
The gnoll barely misses you. x2
As you read the scroll labelled QECSOO PEXKI, it crumbles to dust.
It is a scroll of identify.
g - a scroll of brand weapon The gnoll barely misses you.
The gnoll hits you with a +0 club!
You die...

##### ##....
#....
#######...#
.......g..# #.
...#g..#
##.###.#@g.####
#...............
##.#.#..#.......
##.#....##..####
........##.....
#######.##..###
.. #........#
... #..##....#
.... #..##....#


You could see 3 gnolls.

Vanquished Creatures
  4 adders
  2 dart slugs
  3 ribbon worms (D:2)
  7 ball pythons
  6 bats
  3 endoplasms
  2 giant cockroaches
  5 goblins
  5 hobgoblins
  8 jackals
  A quokka (D:2)
  3 frilled lizards
  3 kobolds
  5 rats
57 creatures vanquished.

Notes
Turn   | Place    | Note
-------+----------+-------------------------------------------
     0 | D:1      | retardedninja the Mountain Dwarf Fighter began the quest
                  | for the Orb.
     0 | D:1      | Reached XP level 1. HP: 19/19 MP: 1/1
    55 | D:1      | Reached XP level 2. HP: 26/26 MP: 2/2
   247 | D:1      | Reached XP level 3. HP: 33/33 MP: 3/3
   738 | D:2      | Found a faded altar of an unknown god.
   958 | D:2      | Reached XP level 4. HP: 29/40 MP: 4/4
  1708 | D:3      | Found Zakhlolu's Assorted Antiques.
  1735 | D:3      | Reached XP level 5. HP: 47/47 MP: 5/5
  1842 | D:3      | Slain by a gnoll

Illustrated notes

Levels and vault maps discovered:
D:1:      minmay_arrival_split_and_join, layout_basic, minmay_3d_cube
D:2:      layout_loops_cross, chequers_ecumenical_altar_simple
D:3:      layout_basic, lemuel_zombie_altar_yredelemnul,
          mainiacjoe_overflow_divided_tiny, serial_shops,
          nicolae_shop_tiny_glass, minivault_25, corexii_shack

Skill      XL: |  1  2  3  4 |
---------------+-------------+-----
Axes           | 3 |  3.6
Fighting       | 4 |  4.5
Shields        | 4 |  4.1
Armour         | 4 |  4.2

Action                     |  1- 3 |  4- 6 || total
---------------------------+-------+-------++-------
  Melee: War axe           |   103 |    88 ||   191
    Use: Scroll            |       |     2 ||     2
         Potion            |       |     1 ||     1
 Armour: Scale mail        |    91 |    63 ||   154
  Dodge: Dodged            |    58 |    47 ||   105
  Block: Buckler           |    29 |    21 ||    50

Table legend: (Time is in decaauts)
 A = Elapsed time spent in this place.
 B = Non-inter-level travel time spent in this place.
 C = Inter-level travel time spent in this place.
 D = Time resting spent in this place.
 E = Time spent auto-exploring this place.
 F = Levels seen in this place.
 G = Mean time per level.
                   A        B        C        D        E       F      G
               +--------+--------+--------+--------+--------+-----+--------+
         Total |   1912 |   1874 |     38 |      0 |   1418 |   3 |  637.3 |
       Dungeon |   1912 |   1874 |     38 |      0 |   1418 |   3 |  637.3 |
               +--------+--------+--------+--------+--------+-----+--------+

Top non-repeatable levels by time:
     D:2: 944 daAuts
     D:1: 766 daAuts
     D:3: 200 daAuts
